[Event "Masters Tournament (MTO)"]
[Site "Biel, Switzerland"]
[Date "2026.07.13"]
[Round "1.26"]
[White "Damen, Josephine"]
[Black "Joly, Julien"]
[Result "1/2-1/2"]
[TimeControl "100+30+30sec/move"]
[WhiteTitle "-"]
[BlackTitle "-"]
[WhiteFideId "1074369"]
[BlackFideId "26082284"]
[WhiteElo "1971"]
[BlackElo "2257"]

1. e4 d6 2. d4 Nf6 3. Nc3 g6 4.
Nf3 Bg7 5. Bc4 O-O 6. Be3 c6 7. Qd2 d5 8. exd5 cxd5 9. Bb3 Nc6 10. Bh6 Ne4 11. Qe3 Qa5 12. Bxg7 Kxg7 13. O-O Nxc3 14.
Qxc3 Qxc3 15. bxc3 Rd8 16. Rfe1 e6 17. Ba4 Na5 18. Ne5 Rd6 19. Rab1 b6 20. Be8 f6 21. Nf7 Rd7 22. Bxd7 Bxd7 23.
Nd6 Kf8 24. Nb5 Bxb5 25. Rxb5 Kf7 26. Rbb1 Nc4 27. Re2 Rc8 28. f3 e5 29. dxe5 fxe5 30. Kf2 Rc5 31. a4 Ke6 32. Rb4 Na3 33.
Rb3 Nc4 34. Rb4 Na3 35. Rb3 1/2-1/2

[Event "Masters Tournament (MTO)"]
[Site "Biel, Switzerland"]
[Date "2026.07.13"]
[Round "1.27"]
[White "Gireada, Daniel"]
[Black "Tkhoruk, Roman"]
[Result "1/2-1/2"]
[TimeControl "100+30+30sec/move"]
[WhiteTitle "-"]
[BlackTitle "-"]
[WhiteFideId "1206451"]
[BlackFideId "34161589"]
[WhiteElo "2255"]
[BlackElo "1967"]

1. d4 Nf6 2. c4 e6 3. Nf3 Bb4+ 4.
Bd2 Bxd2+ 5. Qxd2 d5 6. Nc3 O-O 7. e3 b6 8. cxd5 exd5 9. Bd3 c5 10. Rc1 Ba6 11. O-O Bxd3 12. Qxd3 Nc6 13.
Ne5 Nxe5 14. dxe5 Ng4 15. Qf5 Qc8 16. Qxc8 Rfxc8 17. Nxd5 Rd8 18. Rfd1 Nxe5 19. f4 Nc6 20. Kf2 Kf8 21.
a3 Ne7 22. Nxe7 Kxe7 23. e4 f6 24. Ke3 Rxd1 25. Rxd1 Rd8 26. Rxd8 Kxd8 27. Kd3 b5 28. a4 a6 29. g4 Ke7 30.
axb5 axb5 31. h4 h5 32. gxh5 Ke6 33. b3 f5 34. e5 Kd5 35. Kc3 Ke6 36. Kd3 Kd5 37. Ke3 Ke6 38. Kf3 Kd5 39.
Ke3 Ke6 40. Kd2 1/2-1/2

[Event "Masters Tournament (MTO)"]
[Site "Biel, Switzerland"]
[Date "2026.07.13"]
[Round "1.28"]
[White "Magnussen, Petur Gardar"]
[Black "Georgescu, Lena"]
[Result "0-1"]
[TimeControl "100+30+30sec/move"]
[WhiteTitle "-"]
[BlackTitle "-"]
[WhiteFideId "7203802"]
[BlackFideId "1331973"]
[WhiteElo "1957"]
[BlackElo "2253"]

1. e4 e5 2. Nf3 Nc6 3. Bc4 Nf6 4. d3 Bc5 5. c3 d6 6. Nbd2 a5 7. a4 O-O 8. O-O Ba7 9. Re1 Be6 10.
Bb5 Ng4 11. Re2 f5 12. Nc4 fxe4 13. dxe4 Ne7 14. Ne3 Ng6 15. Bc4 Bxc4 16. Nxc4 Nh4 17. Ne3 Bxe3 18. Bxe3 Nxf3+ 19. gxf3 Rxf3 20.
Rc2 Nxe3 21. fxe3 Qg5+ 22. Kh1 Raf8 0-1

[Event "Masters Tournament (MTO)"]
[Site "Biel, Switzerland"]
[Date "2026.07.13"]
[Round "1.29"]
[White "Dauth, Benjamin"]
[Black "Tan, Jimmy"]
[Result "1-0"]
[TimeControl "100+30+30sec/move"]
[WhiteTitle "-"]
[BlackTitle "-"]
[WhiteFideId "4688104"]
[BlackFideId "129057499"]
[WhiteElo "2247"]
[BlackElo "1953"]

1. e4 c6 2. d4 d5 3. exd5 cxd5 4. Bd3 Nc6 5. c3 Nf6 6. Ne2 Bg4 7. Qb3 Qd7 8. Ng3 e6 9. Bg5 Bd6 10.
f3 Bxg3+ 11. hxg3 Bf5 12. Bxf5 exf5 13. Bxf6 gxf6 14. Nd2 O-O-O 15. O-O-O Rhg8 16. Nf1 f4 17. Rxh7 fxg3 18. Qc2 Rde8 19.
Rh5 Ne7 20. Ne3 Rg5 21. Rxg5 fxg5 22. Ng4 Rh8 23. Re1 f5 24. Ne5 Qc7 25. Ng6 Nxg6 26. Qxf5+ Kb8 27. Qxg6 Qf4+ 28. Kc2 a6 29.
Re7 Rh2 30. Qb6 Qf5+ 31. Kb3 Qc8 32. Qd6+ Ka7 33. Qxg3 Qc4+ 34. Ka3 Rh6 35. Qc7 Qb5 36. Qc5+ Qb6 37. Re5 g4 38. fxg4 Rh2 39.
Qxb6+ Kxb6 40. g3 Kc6 41. Re6+ Kd7 42. Rf6 Rg2 43. Rf7+ Kc6 44. Rf3 Rh2 45. g5 Rh5 46. Rf5 Kd6 47.
g4 Rh4 48. Rf4 Rh8 49. g6 Rg8 50. Rf6+ Kd7 51. g5 Kc7 52. Rf7+ Kc6 53. g7 Kb6 54. g6 Kc6 55. Ka4 Kb6 56.
Kb4 Kc6 57. Ka5 b6+ 58. Kxa6 Ra8+ 59. Ra7 Rg8 60. a4 1-0

[Event "Masters Tournament (MTO)"]
[Site "Biel, Switzerland"]
[Date "2026.07.13"]
[Round "1.30"]
[White "Heitmann, Erik"]
[Black "Hasenohr, Benedict"]
[Result "1-0"]
[TimeControl "100+30+30sec/move"]
[WhiteTitle "-"]
[BlackTitle "-"]
[WhiteFideId "34608940"]
[BlackFideId "1303309"]
[WhiteElo "1949"]
[BlackElo "2247"]

1. d4 d5 2. c4 c6 3. e3 e6 4.
Nf3 f5 5. g3 Bd6 6. Bg2 Nd7 7. b3 Nh6 8. O-O Qe7 9. Bb2 Nf7 10. Qc1 g5 11. Ba3 g4 12. Bxd6 Nxd6 13. Nh4 Nf8 14.
cxd5 exd5 15. Nc3 Ng6 16. Bxd5 Nxh4 17. gxh4 cxd5 18. Nxd5 Qxh4 19. Nc7+ Kf7 20. Nxa8 Bd7 21. Qc5 Ne4 22.
Qd5+ Be6 23. Qxb7+ Kf6 24. Nc7 Nd2 25. Qg2 Nf3+ 26. Kh1 Bf7 27. Qg3 Rc8 28. Rfc1 Qh3 29. Rc6+ Kg7 30. Rc5 h5 31.
Qd6 h4 32. Rxf5 Bg6 33. Ne6+ Kh6 34. Qf4+ Kh7 35. Rf7+ Bxf7 36. Qxf7+ Kh6 37. Qg7+ Kh5 38. Qh7# 1-0

[Event "Masters Tournament (MTO)"]
[Site "Biel, Switzerland"]
[Date "2026.07.13"]
[Round "1.31"]
[White "Matsumura, Cocoro"]
[Black "Von Burg, Carl Alexander"]
[Result "1-0"]
[TimeControl "100+30+30sec/move"]
[WhiteTitle "-"]
[BlackTitle "-"]
[WhiteFideId "36087114"]
[BlackFideId "1352458"]
[WhiteElo "2225"]
[BlackElo "1947"]

1. e4 e5 2. Nf3 Nc6 3. Bb5 Nf6 4.
O-O Nxe4 5. Re1 Nd6 6. Nxe5 Be7 7. Bf1 Nxe5 8. Rxe5 O-O 9. d4 Bf6 10. Re1 Re8 11. Bf4 Rxe1 12. Qxe1 Ne8 13.
Bd3 d5 14. Be5 Be6 15. Nc3 c6 16. Ne2 Qd7 17. Ng3 Bh4 18. Qb4 Be7 19. Qd2 f6 20. Bf4 g5 21. Be3 Ng7 22. Re1 Bd6 23.
c3 h5 24. h4 gxh4 25. Ne2 Bf5 26. Bf4 Re8 27. Bxd6 Qxd6 28. Bxf5 Nxf5 29. Rd1 Re4 30. Qd3 Qe6 31. Kf1 Qe8 32.
Qf3 Qg6 33. c4 Qg4 34. cxd5 cxd5 35. Qd3 Re7 36. Rc1 Nd6 37. Rc5 Rg7 38. Qh3 Qe4 39. f3 Qe3 40. Rc3 Qe7 41. Qxh4 Nc4 42. Qf2 Qe6 43. b3 Nd6 44. Nf4 Qf5 45.
Qe3 Kh7 46. Rc5 Qb1+ 47. Qe1 Qf5 48. Qe3 Qb1+ 49. Kf2 Qxa2+ 50. Ne2 Qb1 51. Rxd5 Nf5 52. Qe6 Kg6 53. Nf4+ Kg5 54. Nh3+ Kg6 55.
Qe8+ Kh6 56. Qh8+ Rh7 57. Qxf6# Rf7 58. Qh8+ Kg6 59. Nf4+ 1-0

[Event "Masters Tournament (MTO)"]
[Site "Biel, Switzerland"]
[Date "2026.07.13"]
[Round "1.32"]
[White "Carey, Michael"]
[Black "Harish, Neeraj"]
[Result "1/2-1/2"]
[TimeControl "100+30+30sec/move"]
[WhiteTitle "-"]
[BlackTitle "-"]
[WhiteFideId "30923760"]
[BlackFideId "30958130"]
[WhiteElo "1946"]
[BlackElo "2201"]

1. Nf3 d5 2. e3 Nf6 3. c4 e6 4. Nc3 b6 5. cxd5 exd5 6. g3 Bd6 7. b3 O-O 8. Bb2 Nbd7 9. Rc1 a6 10. Bg2 Bb7 11. O-O Re8 12. Re1 Rc8 13. d3 c5 14. d4 Bf8 15. Ne2 g6 16. Nf4 Bg7 17.
Re2 Nf8 18. Rec2 Ne4 19. Ba3 cxd4 20. Rxc8 Bxc8 21. Nxd4 Bb7 22. Bh3 Nd7 23. Qc2 Ng5 24. Bg2 Bxd4 25. exd4 Nf6 26. h4 Nge4 27.
Bh3 a5 28. Nd3 b5 29. Qc7 Ba8 30. Qxd8 Rxd8 31. Be7 Re8 32. Bxf6 Nxf6 33. b4 axb4 34. Nxb4 Kg7 35. Bf1 Bb7 36.
Bxb5 Rb8 37. a4 Bc8 38. Nc6 Ra8 39. Ne5 Be6 40. Ra1 Ne4 41. a5 Nd6 42. Bd3 Bf5 43. a6 Bxd3 44. Nxd3 Nb5 45.
Ra5 Nxd4 46. Rxd5 Ne6 47. Ra5 Ra7 48. Nb4 Nc7 49. g4 Kf6 50. Kg2 Ke6 51. Kg3 Kd6 52. f4 Ke6 53. Kf3 Kd6 54.
Ke4 h6 55. f5 Ra8 56. Kf4 Rb8 57. Nd3 Rb3 58. Ke4 Rc3 59. Ne5 gxf5+ 60. Kxf5 Ke7 61. a7 f6 62. Ng6+ Kf7 63. Nh8+ Kg7 64.
a8=Q Nxa8 65. Rxa8 Rc5+ 66. Kf4 Rc4+ 67. Kg3 Rc3+ 68. Kf2 Rc2+ 69. Kg3 Rc3+ 70. Kf4 Rc4+ 71. Kf5 Rc5+ 1/2-1/2

[Event "Masters Tournament (MTO)"]
[Site "Biel, Switzerland"]
[Date "2026.07.13"]
[Round "1.33"]
[White "Cervelli, Eduard"]
[Black "Scherler, Julius"]
[Result "1/2-1/2"]
[TimeControl "100+30+30sec/move"]
[WhiteTitle "-"]
[BlackTitle "-"]
[WhiteFideId "1351800"]
[BlackFideId "1337947"]
[WhiteElo "2197"]
[BlackElo "1941"]

1. e4 c6 2. d3 d5 3. Nd2 dxe4 4. dxe4 Nf6 5. Ngf3 Qc7 6. g3 Nbd7 7. Bg2 Nc5 8. e5 Nd5 9. O-O g6 10.
c4 Nb6 11. Nb3 Ne6 12. Qe2 Bg7 13. Re1 O-O 14. Nbd4 Rd8 15. Nxe6 Bxe6 16. b3 Nd7 17. Ba3 Nf8 18. Bb2 Rd7 19.
Nd4 Rad8 20. Rad1 Qa5 21. a3 Qb6 22. Nxe6 Nxe6 23. b4 Qc7 24. Rxd7 Qxd7 25. Bf3 Nd4 1/2-1/2

[Event "Masters Tournament (MTO)"]
[Site "Biel, Switzerland"]
[Date "2026.07.13"]
[Round "1.34"]
[White "Simon, Ralf-Axel"]
[Black "Ivana Maria, Furtado"]
[Result "0-1"]
[TimeControl "100+30+30sec/move"]
[WhiteTitle "-"]
[BlackTitle "-"]
[WhiteFideId "4603125"]
[BlackFideId "5048400"]
[WhiteElo "1935"]
[BlackElo "2182"]

1. d4 d5 2. Nf3 Nf6 3. c4 e6 4. Nc3 Bb4 5. Qa4+ Nc6 6. Ne5 Bd7 7. Nxc6 Bxc3+ 8. bxc3 Bxc6 9. Qb3 a5 10.
Ba3 dxc4 11. Qxc4 Qd5 12. Qxd5 Nxd5 13. Rc1 b5 14. e4 Nb6 15. Bd3 Kd7 16. O-O Nc4 17. Bc5 g6 18. Rfd1 Nb2 19. Rd2 Nxd3 20. Rxd3 Bxe4 21.
Re3 Bd5 22. a3 Rhe8 23. Rb1 Kc6 24. f3 e5 25. Rbe1 f6 26. f4 e4 27. g4 f5 28. Rg3 fxg4 29. Rxg4 e3 30. Rg5 e2 31.
Re5 Bc4 32. Rb1 Rxe5 33. fxe5 Kd5 34. Kf2 Rd8 35. Ke1 Rd7 36. Kd2 Rf7 0-1

[Event "Masters Tournament (MTO)"]
[Site "Biel, Switzerland"]
[Date "2026.07.13"]
[Round "1.35"]
[White "Liu, Bei"]
[Black "Yang, Sung-Jui"]
[Result "1-0"]
[TimeControl "100+30+30sec/move"]
[WhiteTitle "-"]
[BlackTitle "-"]
[WhiteFideId "8603596"]
[BlackFideId "16301048"]
[WhiteElo "2175"]
[BlackElo "1935"]

1. e4 e6 2. d4 d5 3. e5 c5 4. c3 Qb6 5. Nf3 Nc6 6. a3 f6 7. Bd3 fxe5 8. dxe5 c4 9. Bc2 g6 10.
O-O Bg7 11. Nbd2 Nh6 12. b3 cxb3 13. Bxb3 O-O 14. c4 Ng4 15. cxd5 Ncxe5 16. Rb1 Nxf2 17. Rxf2 Ng4 18. Ne4 Nxf2 19.
Nxf2 Kh8 20. Ba2 Qa6 21. d6 Bd7 22. Bb2 Bxb2 23. Rxb2 Rac8 24. Ng4 Rf4 25. Qa1 1-0

[Event "Masters Tournament (MTO)"]
[Site "Biel, Switzerland"]
[Date "2026.07.13"]
[Round "1.36"]
[White "Hornung, Hans"]
[Black "Ling, Chenxuan"]
[Result "0-1"]
[TimeControl "100+30+30sec/move"]
[WhiteTitle "-"]
[BlackTitle "-"]
[WhiteFideId "4615140"]
[BlackFideId "30983118"]
[WhiteElo "1924"]
[BlackElo "2166"]

1. Nf3 c5 2. c4 Nc6 3. Nc3 Nf6 4. e3 g6 5. d4 cxd4 6. exd4 d5 7. cxd5 Nxd5 8. Qb3 e6 9. Bb5 Bg7 10.
O-O O-O 11. Bxc6 bxc6 12. Re1 Qc7 13. Ne4 Rb8 14. Qd1 Rd8 15. b3 h6 16. Bd2 Nf4 17. Qc2 g5 18. h3 Bb7 19. Nc5 Rd5 20.
Rad1 Bc8 21. Bxf4 Qxf4 22. Nd3 Qc7 23. Nde5 Bb7 24. Rc1 Rc8 25. Nd3 Rcd8 26. Nc5 Bc8 27. Ne4 Bd7 28. Nc3 Rf5 29.
Qe2 Be8 30. Red1 Qe7 31. Ne4 Rfd5 32. Nc3 Rf5 33. Ne4 Rfd5 34. Nc3 R5d7 35. Qe3 Rc7 36. Na4 Rcc8 37. Nc5 Rd5 38. Na4 Rcd8 39.
Nc3 R5d7 40. Ne5 Rc7 41. Na4 f6 42. Nf3 Bf7 43. Rd2 h5 44. Rdc2 g4 45. hxg4 hxg4 46. Ne1 f5 47. Rxc6 Rxc6 48.
Rxc6 Bxd4 49. Qg3 Bg7 50. Qc7 Rd7 51. Qb8+ Kh7 52. Kf1 Qh4 53. g3 Qh1+ 0-1

[Event "Masters Tournament (MTO)"]
[Site "Biel, Switzerland"]
[Date "2026.07.13"]
[Round "1.37"]
[White "Erne, Raphael"]
[Black "Hajduk, Tomasz"]
[Result "1/2-1/2"]
[TimeControl "100+30+30sec/move"]
[WhiteTitle "-"]
[BlackTitle "-"]
[WhiteFideId "1341928"]
[BlackFideId "21811415"]
[WhiteElo "2166"]
[BlackElo "1921"]

1. c4 c5 2. g3 Nf6 3. Bg2 Nc6 4. Nc3 e6 5. Nf3 d5 6. cxd5 exd5 7. d4 cxd4 8. Nxd4 Bc5 9. Nb3 Bb4 10.
O-O Be6 11. Bg5 O-O 12. Rc1 h6 13. Bxf6 Qxf6 14. a3 Bxc3 15. Rxc3 d4 16. Rc1 Rad8 17. Nc5 Bc8 18. Qa4 Rfe8 19.
Rfe1 Re5 20. b4 Qe7 21. Qc2 d3 22. Nxd3 Nd4 23. Qxc8 Rxc8 24. Rxc8+ Kh7 25. Nxe5 Qxe5 26. Bxb7 Nxe2+ 27. Kf1 Nxg3+ 28. hxg3 Qb5+ 29. Kg1 Qxb7 30. Rce8 a6 31. R8e5 Qf3 32. Ra5 h5 33. Re3 Qg4 34. Rxa6 h4 35.
Ra5 g6 36. Rae5 f5 37. Kh2 f4 38. gxf4 Qxf4+ 39. Kg2 Qg4+ 40. Kh2 Qf4+ 41. Kg2 Qg4+ 42. Kh1 Qd1+ 43. Kh2 Qf1 44. Rf3 Kh6 45.
b5 g5 46. b6 g4 47. Rff5 h3 48. Rh5+ Kg6 49. Rhg5+ Kf6 50. Rgf5+ Kg6 51. Rg5+ Kf6 1/2-1/2

[Event "Masters Tournament (MTO)"]
[Site "Biel, Switzerland"]
[Date "2026.07.13"]
[Round "1.38"]
[White "Rosen, Noah"]
[Black "Kudryavtsev, Eugene"]
[Result "0-1"]
[TimeControl "100+30+30sec/move"]
[WhiteTitle "-"]
[BlackTitle "-"]
[WhiteFideId "1356267"]
[BlackFideId "1315374"]
[WhiteElo "1921"]
[BlackElo "2146"]

1. e4 c5 2. Nf3 d6 3. d4 cxd4 4. Nxd4 Nf6 5. Nc3 a6 6. Rg1 e5 7. Nb3 Be6 8. g4 h6 9. h4 d5 10.
exd5 Nxd5 11. Nxd5 Qxd5 12. Qxd5 Bxd5 13. Bg2 Bxg2 14. Rxg2 Nc6 15. c3 Be7 16. h5 O-O-O 17. Be3 Rd5 18.
Rd1 Rxd1+ 19. Kxd1 Kc7 20. f4 Bd6 21. f5 f6 22. Nd2 Rd8 23. Ke2 Ne7 24. c4 Kc6 25. Ne4 b6 26. Nxf6 gxf6 27.
Bxh6 Rg8 28. Kf3 Bc5 29. Bd2 Nxf5 30. gxf5 e4+ 31. Kxe4 Rxg2 32. Bc3 Rg4+ 33. Kf3 Rg5 34. h6 Rxf5+ 35. Kg4 Rg5+ 36. Kf4 Bd6+ 37. Ke4 Rh5 38. Bxf6 Rxh6 39. Bg7 Rh3 40. Bd4 Bc5 41. Bg7 Re3+ 42. Kf4 Re7 43. Bc3 Be3+ 44.
Kf3 Re6 45. Bg7 Kc5 46. b3 Kb4 47. Bb2 Bc5 48. Bc1 Kc3 0-1

[Event "Masters Tournament (MTO)"]
[Site "Biel, Switzerland"]
[Date "2026.07.13"]
[Round "1.39"]
[White "Vihaan, Dumir"]
[Black "Ruchat, Blaise"]
[Result "1-0"]
[TimeControl "100+30+30sec/move"]
[WhiteTitle "-"]
[BlackTitle "-"]
[WhiteFideId "25901010"]
[BlackFideId "1328921"]
[WhiteElo "2132"]
[BlackElo "1912"]

1. d4 Nf6 2. Bg5 g6 3. Bxf6 exf6 4. c4 c5 5. d5 d6 6. Nc3 Bg7 7. e3 O-O 8. Bd3 Nd7 9. Nf3 f5 10.
Qc2 Ne5 11. Be2 a6 12. O-O Rb8 13. Nxe5 Bxe5 14. g3 Bd7 15. a4 b6 16. Ra3 Bf6 17. Bd3 Re8 18. Ne2 h5 19. Nf4 h4 20.
Kg2 Kg7 21. g4 fxg4 22. Bxg6 fxg6 23. Qxg6+ Kf8 24. f3 Bg7 25. fxg4 Kg8 26. Nh5 Re7 27. Nf6+ 1-0

[Event "Masters Tournament (MTO)"]
[Site "Biel, Switzerland"]
[Date "2026.07.13"]
[Round "1.40"]
[White "Alsaleh, Eissa"]
[Black "Dai, Wenzhi"]
[Result "0-1"]
[TimeControl "100+30+30sec/move"]
[WhiteTitle "-"]
[BlackTitle "-"]
[WhiteFideId "10312463"]
[BlackFideId "8608369"]
[WhiteElo "1908"]
[BlackElo "2126"]

1. e4 e5 2. Nf3 Nf6 3. Nc3 Nc6 4. d4 exd4 5. Nxd4 Bb4 6. Nxc6 bxc6 7. Bd3 d5 8. O-O Bxc3 9. bxc3 dxe4 10.
Bc4 O-O 11. Ba3 Qxd1 12. Rfxd1 Re8 13. h3 Bf5 14. g4 Be6 15. Ba6 Rab8 16. Bc5 h5 17. Be2 hxg4 18. hxg4 a5 19. g5 Nd5 20.
Bd4 Nf4 21. Bf1 Bg4 22. Rd2 Bf3 23. Be3 Nd5 24. Bd4 c5 25. Bxc5 Re5 26. g6 Rh5 27. gxf7+ Kxf7 28. Bg2 Rbh8 0-1

[Event "Masters Tournament (MTO)"]
[Site "Biel, Switzerland"]
[Date "2026.07.13"]
[Round "1.41"]
[White "Fogo Esquivel, Levi Kalani Alexander"]
[Black "Joly, Fabrice"]
[Result "1-0"]
[TimeControl "100+30+30sec/move"]
[WhiteTitle "-"]
[BlackTitle "-"]
[WhiteFideId "5183189"]
[BlackFideId "612235"]
[WhiteElo "2125"]
[BlackElo "1907"]

1. e4 e5 2. Nf3 Nf6 3. d4 Nxe4 4. Bd3 d5 5. Nxe5 Nd7 6. Nxd7 Bxd7 7. O-O Bd6 8. c4 O-O 9. Nc3 Nxc3 10.
bxc3 dxc4 11. Bxc4 Qh4 12. g3 Qh3 13. Bd5 Rab8 14. Bg2 Qf5 15. Be3 a6 16. c4 b5 17. c5 Be7 18. d5 Rfd8 19.
d6 cxd6 20. c6 Bxc6 21. Bxc6 d5 22. Rc1 d4 23. Bf4 Rbc8 24. Qf3 Ba3 25. Qxa3 1-0

[Event "Masters Tournament (MTO)"]
[Site "Biel, Switzerland"]
[Date "2026.07.13"]
[Round "1.42"]
[White "Berezovskii, Arina"]
[Black "Xu, Chang(Cq)"]
[Result "0-1"]
[TimeControl "100+30+30sec/move"]
[WhiteTitle "-"]
[BlackTitle "-"]
[WhiteFideId "34449850"]
[BlackFideId "8641757"]
[WhiteElo "1906"]
[BlackElo "2125"]

1. e4 c5 2. Nf3 d6 3. c3 Nf6 4.
h3 g6 5.
Bd3 Bg7 6. Bc2 O-O 7. d4 Nc6 8. Nbd2 cxd4 9. cxd4 Qb6 10. Nb3 a5 11. d5 Nb4 12. Bb1 a4 13. Nbd4 Bd7 14. O-O Rfc8 15.
Be3 Qd8 16. Bd3 Be8 17. Nc2 Nxd3 18. Qxd3 Qa5 19. Nfd4 Nd7 20. Bd2 Ne5 21. Bxa5 Nxd3 22. Bc3 a3 23. Rfb1 axb2 24. Bxb2 Rxc2 25.
Nxc2 Bxb2 26. Rxb2 Nxb2 27. Rb1 Nd3 28. Rxb7 Rxa2 29. Nd4 Nxf2 30. Rb8 Kf8 31. Rc8 Nxe4 32. Nb5 Nf6 33. Nc7 Rc2 0-1

[Event "Masters Tournament (MTO)"]
[Site "Biel, Switzerland"]
[Date "2026.07.13"]
[Round "1.43"]
[White "Angst, Oliver"]
[Black "Corbat, Philippe"]
[Result "1-0"]
[TimeControl "100+30+30sec/move"]
[WhiteTitle "-"]
[BlackTitle "-"]
[WhiteFideId "1334069"]
[BlackFideId "1304496"]
[WhiteElo "2121"]
[BlackElo "1893"]

1. e4 d5 2. exd5 Nf6 3. Nf3 Qxd5 4. Nc3 Qd6 5. Nb5 Qb6 6. Bc4 Be6 7. Qe2 Bxc4 8. Qxc4 c6 9. Nbd4 Nbd7 10.
O-O Qc5 11. Qb3 Qb6 12. Qc4 Qc5 13. Qe2 e6 14. b4 Qh5 15. Re1 Be7 16. b5 c5 17. Nxe6 fxe6 18. Qxe6 Qf7 19. Qe2 h6 20.
Ba3 Kf8 21. d4 Re8 22. dxc5 Bxc5 23. Bxc5+ Nxc5 24. Ne5 Qd5 25. Ng6+ Kg8 26. Qxe8+ Nxe8 27. Ne7+ 1-0

[Event "Masters Tournament (MTO)"]
[Site "Biel, Switzerland"]
[Date "2026.07.13"]
[Round "1.44"]
[White "Wenger, Arejou"]
[Black "Malli, Suvirr"]
[Result "0-1"]
[TimeControl "100+30+30sec/move"]
[WhiteTitle "-"]
[BlackTitle "-"]
[WhiteFideId "1336584"]
[BlackFideId "1341855"]
[WhiteElo "1873"]
[BlackElo "2120"]

1. e4 c5 2. Nf3 e6 3. c3 d5 4. exd5 exd5 5. d4 Nc6 6. Bb5 Bd6 7. dxc5 Bxc5 8. O-O Nge7 9. Nbd2 O-O 10.
Nb3 Bb6 11. Re1 Bg4 12. Be3 Bxe3 13. Rxe3 a6 14. Be2 Qd6 15. Nfd4 Bd7 16. Bf3 Ne5 17. Qe2 N7g6 18. Nd2 Rae8 19.
Re1 f5 20. Qf1 f4 21. R3e2 Nh4 22. Kh1 Nexf3 23. N2xf3 Nxf3 24. Rxe8 Bxe8 25. gxf3 Bd7 26. Qg2 Rf6 27. Qg5 h6 28.
Qe5 Qxe5 29. Rxe5 Rd6 30. h4 g6 31. Ne2 Kf7 32. Nxf4 d4 33. cxd4 Rxd4 34. Nd5 Bc6 35. Nc3 Rxh4+ 36. Kg2 Rg4+ 37. Kf1 Bxf3 38. Ke1 h5 39. Kd2 Bc6 40. Ke3 Kf6 41.
Rc5 h4 42. Nd5+ Kf7 43. Nf4 g5 44. Rf5+ Kg7 45. Nh3 Kg6 46. Rf8 Bg2 47. f3 Rb4 48. Nxg5 Rxb2 49. f4 h3 50. Rh8 Rxa2 51.
Kd4 Kf5 52. Nxh3 Bxh3 53. Rxh3 Rb2 54. Rf3 a5 55. Kc3 Rb4 56. Rf1 b6 57. Rf2 Rb1 58. Kc2 Rb5 59. Kc3 a4 60. Rh2 Rb3+ 61. Kc2 b5 62. Rf2 b4 63. Rf1 Rc3+ 64. Kb2 a3+ 65. Ka2 Rc2+ 66.
Kb1 b3 67. Rh1 Kxf4 68. Rh3 a2+ 69. Ka1 Rc1+ 0-1

[Event "Masters Tournament (MTO)"]
[Site "Biel, Switzerland"]
[Date "2026.07.13"]
[Round "1.45"]
[White "Kunz, Andre"]
[Black "Fattori Dittmar, Luca"]
[Result "0-1"]
[TimeControl "100+30+30sec/move"]
[WhiteTitle "-"]
[BlackTitle "-"]
[WhiteFideId "24623652"]
[BlackFideId "34678883"]
[WhiteElo "2116"]
[BlackElo "1840"]

1. e4 c6 2. d4 d5 3. Nd2 dxe4 4. Nxe4 Nd7 5. Bd3 Ndf6 6. Nf3 Nxe4 7. Bxe4 Nf6 8. Bd3 Bg4 9. c3 e6 10.
h3 Bh5 11. O-O Be7 12. Re1 O-O 13. Bf4 Rc8 14. Qe2 Qd5 15. g4 Bg6 16. Bxg6 hxg6 17. c4 Qd8 18. a3 Bd6 19. Bg5 Qc7 20.
Rad1 c5 21. d5 exd5 22. Bxf6 gxf6 23. Rxd5 Rcd8 24. Red1 Rfe8 25. Qd3 Be7 26. Nd2 Kg7 27. Ne4 b6 28. Nc3 a6 29. Qf3 Bd6 30.
Qd3 Be7 31. Rxd8 Rxd8 32. Nd5 Qe5 33.
f4 Qxb2 34. Rb1 Qa2 35. Rxb6 Qa1+ 36. Kg2 Bd6 37. Rb1 Qa2+ 38. Kg3 g5 39. Qb3 Bxf4+ 40. Nxf4 gxf4+ 41. Kf3 Qd2 0-1